 Dungeon Crawl Stone Soup version 0.29-a0-1030-gf5f8719cae (webtiles) character file.

Game seed: 8322421831043272905

48261 cjcg the Unseen (level 14, -6/70 HPs)
             Began as a Spriggan Enchanter on Aug 14, 2022.
             Was a High Priest of Dithmenos.
             Mangled by a cane toad (16 damage)
             ... on level 2 of the Lair of Beasts.
             The game lasted 00:38:16 (20812 turns).

cjcg the Unseen (Spriggan Enchanter)               Turns: 20812, Time: 00:38:17

Health: -6/70      AC:  7    Str:  7    XL:     14   Next: 11%
Magic:  20/30      EV: 28    Int: 16    God:    Dithmenos [*****.]
Gold:   384        SH:  5    Dex: 24    Spells: 26/42 levels left

rFire   + + +      SeeInvis +   c - +12 dagger of Conscience {vorpal, rC+ Dex+4}
rCold   . . .      Faith    .   (no shield)
rNeg    . . .      Spirit   .   v - +0 steam dragon scales
rPois   .          Reflect  +   (helmet restricted)
rElec   +          Harm     .   E - +1 cloak "Sianea Remam" {rF+ Stlth+}
rCorr   .          Rampage  .   (gloves unavailable)
Will    ++...                   (boots unavailable) Stlth ******++++
                                G - amulet of reflection
HPRegen 0.21/turn               F - ring "Pextuown" {Fly rElec rF+}
MPRegen 0.22/turn               w - ring "Ron Zomu" {Fire Slay+2 Stlth+}

@: flying, wreathed by umbra, very quick
A: very small, no large weapons, unfitting armour, see invisible, speed 3,
hooves 1, agile 1, low MP 1, sense surroundings 1
a: Renounce Religion, Shadow Step, Shadow Form


You were on level 2 of the Lair of Beasts.
You worshipped Dithmenos.
Dithmenos was extremely pleased with you.
You visited 3 branches of the dungeon, and saw 18 of its levels.
You also visited: Bailey, Gauntlet and Ice Cave.

You collected 1000 gold pieces.
You spent 616 gold pieces at shops.

Inventory:

Hand Weapons
 c - the +12 dagger of Conscience (weapon) {vorpal, rC+ Dex+4}
   (You found it on level 4 of the Dungeon)

   It inflicts extra damage upon your enemies.
   Dex:       It affects your dexterity (+4).
   rC:        It protects you from cold.
 I - a +9 rapier of electrocution
Missiles
 a - 6 atropa-tipped darts
 n - 46 poisoned darts (quivered)
 t - 3 throwing nets
Armour
 l - a +0 robe of fire resistance
 v - +0 steam dragon scales (worn)
 E - the +1 cloak "Sianea Remam" (worn) {rF+ Stlth+}
   (You found it in a Gauntlet)

   rF:        It protects you from fire.
   Stlth:     It makes you more stealthy.
 K - a +0 cloak of cold resistance
 L - the +5 cloak "Viceex" {rN+++ Will- Str+9 Int-5}
   (You found it in a Gauntlet)

   Str:       It affects your strength (+9).
   Int:       It affects your intelligence (-5).
   rN:        It renders you almost immune to negative energy.
   Will:      It decreases your willpower.
Jewellery
 g - a +6 ring of dexterity
 s - a ring of wizardry
 w - the ring "Ron Zomu" (right hand) {Fire Slay+2 Stlth+}
   (You found it on level 14 of the Dungeon)

   [ring of fire]

   It enhances your fire magic.
   Slay:      It affects your accuracy & damage with ranged weapons and melee
   (+2).
   rF:        It protects you from fire.
   rC:        It makes you vulnerable to cold.
   Stlth:     It makes you more stealthy.
 F - the ring "Pextuown" (left hand) {Fly rElec rF+}
   (You bought it in a shop on level 11 of the Dungeon)

   [ring of protection from fire]

   rF:        It protects you from fire.
   rElec:     It insulates you from electricity.
   Fly:       It grants you flight.
 G - an amulet of reflection (around neck)
 H - a ring of protection from cold
Wands
 d - a wand of mindburst (3)
 i - a wand of flame (39)
 u - a wand of polymorph (9)
 y - a wand of quicksilver (1)
 C - a wand of paralysis (4)
 D - a wand of digging (7)
 J - a wand of iceblast (9)
Scrolls
 b - 20 scrolls of fog
 e - 25 scrolls of enchant weapon
Potions
 h - 5 potions of curing
 j - 3 potions of flight
 k - 2 potions of haste
 m - a potion of cancellation
 o - 4 potions of degeneration
 q - 3 potions of lignification
 r - 2 potions of magic
 x - a potion of resistance
 z - 2 potions of ambrosia
 A - 2 potions of brilliance
 B - 3 potions of mutation
Miscellaneous
 f - a condenser vane (inert)


   Skills:
 + Level 6.8 Fighting
 + Level 9.0 Short Blades
 + Level 10.9 Dodging
 + Level 18.0 Stealth
 - Level 0.7 Unarmed Combat
 + Level 14.6 Spellcasting
 + Level 14.8 Hexes


You had 26 spell levels left.
You knew the following spells:

 Your Spells              Type           Power      Damage    Failure   Level
a - Ensorcelled Hibernat  Hex/Ice        70%        N/A       1%          2
b - Tukima's Dance        Hex            56%        N/A       1%          3
c - Dazzling Flash        Conj/Hex       70%        N/A       1%          3
d - Confusing Touch       Hex            56%        N/A       1%          3
e - Summon Mana Viper     Hex/Summ       35%        N/A       8%          5

Your spell library contained the following spells:

 Spells                   Type           Power      Damage    Failure   Level
 Anguish                  Hex/Necr       17%        N/A       2%          4
 Shock                    Conj/Air       44%        1d5       6%          1
 Silence                  Hex/Air        17%        N/A       8%          5
 Yara's Violent Unravell  Hex/Tmut       17%        3d8       8%          5
 Poisonous Vapours        Pois/Air       22%        N/A       9%          2
 Spider Form              Tmut/Pois      11%        N/A       17%         3
 Swiftness                Air            11%        N/A       17%         3
 Airstrike                Air            5%         2d(1-17)  50%         4
 Corpse Rot               Necr/Pois/Air  11%        N/A       50%         4
 Passage of Golubria      Tloc           11%        N/A       50%         4
 Summon Ice Beast         Ice/Summ       11%        N/A       50%         4
 Freezing Cloud           Conj/Ice/Air   5%         6-21      85%         5
 Summon Forest            Summ/Tloc      5%         N/A       85%         5
 Simulacrum               Ice/Necr       5%         N/A       100%        6
 Summon Cactus Giant      Summ           5%         N/A       100%        6
 Monstrous Menagerie      Summ           5%         N/A       100%        7
 Lehudib's Crystal Spear  Conj/Erth      5%         10d3      100%        8
 Polar Vortex             Ice            5%         N/A       100%        9


Dungeon Overview and Level Annotations

Branches:
Dungeon (15/15)            Temple (1/1) D:4            Lair (2/5) D:9
  Snake (0/4) Lair:2          Orc (0/2) D:10         Vaults (0/5) D:14
 Bailey (visited)           IceCv (visited)         Gauntlet (visited)
  Swamp: Lair:2-3    Shoals: Lair:2-3    Depths: D:15

Altars:
Ashenzari
Cheibriados
Dithmenos
Elyvilon
Fedhas
Gozag
Nemelex Xobeh
Okawaru
Qazlal
Ru
Sif Muna
Trog
Uskayaw
Vehumet
Wu Jian
Xom
Yredelemnul
Zin

Shops:
D:7 [   D:11 =*   D:12 (   D:13 (

Annotations:
D:8 3 runed translucent doors, LordBelias's ghost, novice FoFi


Innate Abilities, Weirdness & Mutations

You are very small and have problems with some larger weapons.
You are too small for most types of armour.
You have supernaturally acute eyesight. (SInv)
You cover ground extremely quickly. (Speed+++)
You have large cloven feet.
You are agile. (Dex +4, Str/Int -1)
Your magical capacity is low. (-10% MP)
You passively map a small area around you.


Message History

The seven-headed hydra bites you but does no damage.
The bullfrog completely misses you. The cane toad misses you.
Casting: Ensorcelled Hibernation (safe; 1% risk of failure)
Confirm with . or Enter, or press ? or * to list all spells.
Your hands begin to glow red.
The bullfrog hits you but does no damage.
The seven-headed hydra completely misses you.
The seven-headed hydra closely misses you.
The seven-headed hydra bites you.
The seven-headed hydra completely misses you.
You block the seven-headed hydra's attack.
The seven-headed hydra barely misses you.
The seven-headed hydra bites you but does no damage.
The cane toad stings you!
* * * LOW HITPOINT WARNING * * *
You hit the seven-headed hydra but do no damage.
You kick the seven-headed hydra.
The seven-headed hydra is moderately wounded.
Your shadow hits the seven-headed hydra with a dagger.
The bullfrog completely misses you.
Unknown command.
You hit the seven-headed hydra but do no damage.
You kick the seven-headed hydra.
The seven-headed hydra is moderately wounded.
The cane toad stings you.
* * * LOW HITPOINT WARNING * * *
The seven-headed hydra completely misses you.
The seven-headed hydra closely misses you.
You block the seven-headed hydra's attack.
The seven-headed hydra bites you.
* * * LOW HITPOINT WARNING * * *
The seven-headed hydra barely misses you.
The seven-headed hydra completely misses you. x2
The bullfrog completely misses you.
You hit the seven-headed hydra but do no damage.
The seven-headed hydra appears confused.
You kick the seven-headed hydra.
The seven-headed hydra is moderately wounded.
The cane toad stings you!
You die...

##. ###...### ##...# *
#.#.#.......###P...######
, ,
....#.).....#............
.........................
~
........>................
.........................
....#.)...).#.......†....
... #..DF...#......†.....
....###F@.###............
,
,..........##.............
* *
.........####.##+####.###
##..#.#### ### * *## #....
* * * * ,* ##... ,, * *, *
** #.P, + * , *, ..., *
.F. , * ,


You could see a seven-headed hydra (confused), a cane toad and a bullfrog.

Vanquished Creatures
  Rupert (D:13)
  A frost giant (D:14)
  A deep elf annihilator (D:14)
  A minotaur (Gauntlet)
  The ghost of kvrfg the Unseen, a journeyman SpEn of Dithmenos (D:14)
  2 yaktaur captains (D:14)
  3 hydras
  A boulder beetle (D:14)
  A centaur warrior (D:13)
  4 two-headed ogres
  A tengu warrior (D:14)
  Nergalle (D:11)
  A hell hog (Gauntlet)
  A fire crab (D:14)
  A harpy (shapeshifter) (D:14)
  A deep elf pyromancer (D:12)
  A necromancer (IceCv)
  An orc knight (Bailey)
  2 wolf spiders (D:14)
  9 ugly things
  3 manticores
  2 cyclopes
  A salamander (shapeshifter) (D:14)
  An ice statue (IceCv)
  2 black mambas (Lair:1)
  A cane toad (Lair:1)
  A gargoyle (D:11)
  Maggie (D:7)
  An unseen horror (D:12)
  3 komodo dragons
  A rime drake (Lair:2)
  2 efreet (D:14)
  A kobold demonologist (D:12)
  13 ice devils (IceCv)
  2 anaconda simulacra (IceCv)
  2 freezing wraiths
  3 trolls
  A polar bear (Lair:1)
  11 slime creatures
  Prince Ribbit (D:7)
  8 blink frogs (Lair:1)
  2 centaur simulacra (D:13)
  A vampire (D:14)
  A dire elephant simulacrum (IceCv)
  2 fire bats (Gauntlet)
  2 wraiths
  4 basilisks
  2 dancing weapons (Bailey)
  A wyvern (D:11)
  27 yaks
  A water elemental (D:14)
  5 death yak simulacra
  Menkaure (D:7)
  2 harpy simulacra (IceCv)
  3 nagas (Lair:2)
  3 hydra simulacra (IceCv)
  2 hell hounds (Gauntlet)
  An acid dragon (D:10)
  11 orc warriors
  5 water moccasins
  2 ice beasts
  2 sky beasts
  An ogre (D:6)
  4 centaurs
  A phantom (D:5)
  4 kobold brigands
  3 necrophages
  2 gnoll sergeants
  A scorpion (D:5)
  5 bullfrogs
  3 cane toad simulacra (IceCv)
  An earth elemental (D:11)
  3 two-headed ogre simulacra
  12 wights
  A hornet simulacrum (D:13)
  4 elephant simulacra (IceCv)
  An electric eel (D:13)
  7 howler monkeys
  An iron imp (D:12)
  A gnoll bouda (D:4)
  3 hounds
  2 jellies (D:7)
  4 orc priests
  5 iguanas
  Ijyb (D:3)
  7 orc wizards
  5 polar bear simulacra (IceCv)
  A spriggan simulacrum (D:13)
  A troll simulacrum (D:13)
  4 wolf simulacra (IceCv)
  28 gnolls
  5 adders
  5 naga simulacra
  A shadow imp (D:6)
  4 white imps
  2 ufetubi
  2 worms (D:2)
  4 dart slugs
  29 orcs
  3 ball pythons
  6 endoplasms
  5 giant cockroaches
  11 goblins
  13 hobgoblins
  5 jackals (D:1)
  26 kobolds
  A quokka (D:3)
  5 bats
  4 frilled lizards
  8 rats
431 creatures vanquished.

Vanquished Creatures (collateral kills)
  2 orc warriors
  A kobold brigand (D:7)
  A wight (D:9)
  Crazy Yiuf (D:7)
  5 gnolls
  2 orcs (Bailey)
  2 goblins (D:10)
  4 kobolds (D:7)
18 creatures vanquished.

Vanquished Creatures (others)
  8 dancing weapons
  An orc wizard (D:5)
  5 fungi
  19 plants
33 creatures vanquished.

Grand Total: 482 creatures vanquished

Notes
Turn   | Place    | Note
-------+----------+-------------------------------------------
     0 | D:1      | cjcg the Spriggan Enchanter began the quest for the Orb.
     0 | D:1      | Reached XP level 1. HP: 9/9 MP: 5/5
    84 | D:1      | You fall into a shaft and drop 1 floor!
   441 | D:2      | You fall into a shaft and drop 2 floors!
   476 | D:4      | Identified the +12 dagger of Conscience {vorpal, rC+ Dex+4}
   485 | D:4      | Noticed an orc wizard
   644 | D:3      | Noticed an ice beast
   709 | D:2      | Reached XP level 2. HP: 13/13 MP: 7/7
   712 | D:2      | Learned a level 2 spell: Ensorcelled Hibernation
   913 | D:1      | Reached XP level 3. HP: 14/16 MP: 9/9
   929 | D:1      | Learned a level 3 spell: Tukima's Dance
   933 | D:1      | Learned a level 3 spell: Confusing Touch
  1248 | D:2      | Found a basalt altar of Yredelemnul.
  1273 | D:2      | Reached XP level 4. HP: 12/21 MP: 11/11
  1278 | D:2      | Reached skill level 5 in Hexes
  1902 | D:2      | Found a faded altar of an unknown god.
  1960 | D:2      | Learned a level 3 spell: Dazzling Flash
  1990 | D:3      | Killed an ice beast
  1991 | D:3      | Reached skill level 5 in Spellcasting
  1991 | D:3      | Reached XP level 5. HP: 24/24 MP: 8/13
  2314 | D:3      | Noticed Ijyb
  2332 | D:3      | Killed Ijyb
  2333 | D:3      | Reached skill level 5 in Stealth
  2333 | D:3      | Reached XP level 6. HP: 26/28 MP: 11/15
  3784 | D:4      | Found a staircase to the Ecumenical Temple.
  3797 | Temple   | Entered the Ecumenical Temple
  3838 | Temple   | Became a worshipper of Dithmenos the Shadowed
  3892 | D:5      | Entered Level 5 of the Dungeon
  3901 | D:5      | Reached skill level 6 in Stealth
  3955 | D:5      | Found a shimmering blue altar of Sif Muna.
  3955 | D:5      | Found a shimmering altar of Xom.
  4122 | D:5      | Reached XP level 7. HP: 32/32 MP: 14/17
  4149 | D:5      | Reached skill level 7 in Stealth
  5201 | D:6      | Reached skill level 8 in Stealth
  5201 | D:6      | Reached XP level 8. HP: 36/36 MP: 20/20
  5497 | D:6      | Reached * piety under Dithmenos
  5646 | D:6      | Reached skill level 9 in Stealth
  6419 | D:7      | Reached skill level 10 in Stealth
  6465 | D:7      | Noticed a two-headed ogre
  6485 | D:7      | Killed a two-headed ogre
  6486 | D:7      | Reached XP level 9. HP: 32/39 MP: 10/23
  6502 | D:7      | Reached skill level 11 in Stealth
  6799 | D:7      | Found a white marble altar of Elyvilon.
  6813 | D:7      | Noticed Prince Ribbit
  6818 | D:7      | Found Rakifusy's Antique Armour Shop.
  6821 | D:7      | Killed Prince Ribbit
  6822 | D:7      | Reached skill level 10 in Hexes
  6826 | D:7      | Found a flagged portal.
  6837 | D:7      | Reached ** piety under Dithmenos
  6857 | Bailey   | Entered a bailey
  6971 | Bailey   | Reached skill level 10 in Spellcasting
  7282 | Bailey   | Reached skill level 12 in Stealth
  7654 | Bailey   | Noticed an orc knight
  7705 | Bailey   | Reached XP level 10. HP: 11/44 MP: 4/25
  7711 | Bailey   | Killed an orc knight
  8159 | D:7      | Reached skill level 13 in Stealth
  8723 | D:7      | Noticed Menkaure
  8726 | D:7      | Killed Menkaure
  8859 | D:7      | Noticed Maggie
  8874 | D:7      | Killed Maggie
  8874 | D:7      | Reached *** piety under Dithmenos
  9318 | D:7      | Found a runed translucent door.
  9319 | D:7      | Noticed Crazy Yiuf
  9410 | D:7      | Killed Crazy Yiuf
  9588 | D:8      | Found a blossoming altar of Fedhas.
  9635 | D:8      | Reached skill level 1 in Short Blades
  9730 | D:8      | Reached skill level 1 in Fighting
 10212 | D:8      | Reached **** piety under Dithmenos
 10214 | D:8      | HP: 1/46 [orc/+0 short sword (4)]
 10513 | D:8      | Found a runed translucent gate.
 10513 | D:8      | Found a runed translucent gate.
 10513 | D:8      | Found a runed translucent gate.
 10514 | D:8      | Gained mutation: Your body sometimes deteriorates upon
                  | taking damage. [potion of mutation]
 10514 | D:8      | Gained mutation: You are clumsy. (Dex -2) [potion of
                  | mutation]
 10514 | D:8      | Gained mutation: You are covered in fur. (AC +1) [potion of
                  | mutation]
 10514 | D:8      | Gained mutation: You have large cloven feet. [potion of
                  | mutation]
 10517 | D:8      | Noticed LordBelias's ghost (novice FoFi)
 10853 | D:9      | Found a staircase to the Lair.
 11186 | D:9      | Lost mutation: You are clumsy. (Dex -2) [potion of
                  | mutation]
 11186 | D:9      | Lost mutation: You are covered in fur. (AC +1) [potion of
                  | mutation]
 11186 | D:9      | Lost mutation: Your body sometimes deteriorates upon taking
                  | damage. [potion of mutation]
 11186 | D:9      | Gained mutation: Your magical capacity is low. (-10% MP)
                  | [potion of mutation]
 11186 | D:9      | Gained mutation: You passively map a small area around you.
                  | [potion of mutation]
 11186 | D:9      | Gained mutation: You are agile. (Dex +4, Str/Int -1)
                  | [potion of mutation]
 11325 | D:9      | Reached skill level 14 in Stealth
 11679 | D:10     | Entered Level 10 of the Dungeon
 11691 | D:10     | Found a staircase to the Orcish Mines.
 12371 | D:10     | Found an iron altar of Okawaru.
 12574 | D:11     | Noticed a manticore
 12580 | D:11     | Killed a manticore
 12581 | D:11     | Reached XP level 11. HP: 43/50 MP: 22/25
 12643 | D:11     | Noticed a six-headed hydra
 12648 | D:11     | Killed a six-headed hydra
 12695 | D:11     | Noticed Nergalle
 12698 | D:11     | Killed Nergalle
 12699 | D:11     | Reached skill level 5 in Dodging
 12841 | D:11     | Found Urauss's Pet Rocks.
 13185 | D:11     | Noticed a two-headed ogre
 13193 | D:11     | Killed a two-headed ogre
 13518 | D:11     | Found Rasaoli's Jewellery Shoppe.
 13521 | D:11     | Bought the ring "Pextuown" {Fly rElec rF+} for 616 gold
                  | pieces
 13742 | D:12     | Noticed a four-headed hydra
 13749 | D:12     | Killed a four-headed hydra
 13751 | D:12     | Found Saamush's Antique Weapon Shop.
 13973 | D:12     | Found a snail-covered altar of Cheibriados.
 13993 | D:12     | Reached skill level 15 in Stealth
 14016 | D:12     | Reached skill level 5 in Short Blades
 14153 | D:12     | Noticed a purple ugly thing
 14160 | D:12     | Killed a purple ugly thing
 14329 | D:12     | Noticed a deep elf pyromancer
 14336 | D:12     | Killed a deep elf pyromancer
 14337 | D:12     | Reached XP level 12. HP: 58/58 MP: 26/26
 14933 | D:13     | Found a frozen archway.
 14970 | IceCv    | Entered an ice cave
 14980 | IceCv    | Reached ***** piety under Dithmenos
 15754 | IceCv    | Found an ancient bone altar of Kikubaaqudgha.
 15774 | IceCv    | Reached skill level 16 in Stealth
 15789 | IceCv    | Reached skill level 5 in Fighting
 16051 | IceCv    | Identified the +4 arbalest of Nitruono {flame, rF+ Int+2}
 17209 | D:13     | Noticed a centaur warrior
 17222 | D:13     | Killed a centaur warrior
 17393 | D:13     | Noticed Rupert
 17396 | D:13     | Killed Rupert
 17397 | D:13     | Reached XP level 13. HP: 64/64 MP: 28/28
 17438 | D:13     | Found Fijovulakk's Antique Weapon Shoppe.
 17947 | D:14     | Learned a level 5 spell: Summon Mana Viper
 17957 | D:14     | Found a gate to the Vaults.
 18204 | D:14     | Noticed a deep elf annihilator
 18206 | D:14     | Killed a deep elf annihilator
 18281 | D:14     | Reached skill level 17 in Stealth
 18625 | D:14     | Reached skill level 10 in Dodging
 18631 | D:14     | Identified the ring "Ron Zomu" {Fire Slay+2 Stlth+}
 18666 | D:14     | Noticed a frost giant
 18669 | D:14     | Killed a frost giant
 18731 | D:14     | Found a large runed translucent door.
 18731 | D:14     | Found a large runed translucent door.
 18733 | D:14     | Noticed kvrfg's ghost (journeyman SpEn)
 18739 | D:14     | Killed kvrfg's ghost
 18928 | D:14     | You are sucked into a shaft and drop 1 floor!
 18928 | D:15     | Entered Level 15 of the Dungeon
 19398 | Lair:1   | Entered Level 1 of the Lair of Beasts
 19776 | Lair:1   | Found a gate leading to a gauntlet.
 19785 | Gauntlet | Entered a Gauntlet
 19785 | Gauntlet | Found a transporter.
 19785 | Gauntlet | Found a transporter.
 19785 | Gauntlet | Found a runed translucent gate.
 19791 | Gauntlet | Found a transporter.
 19806 | Gauntlet | Found a transporter.
 19822 | Gauntlet | Found a transporter.
 19822 | Gauntlet | Found a transporter.
 19822 | Gauntlet | Found a transporter.
 19825 | Gauntlet | Found a transporter.
 19825 | Gauntlet | Found a transporter.
 19838 | Gauntlet | Found a transporter.
 19856 | Gauntlet | Found a transporter.
 19866 | Gauntlet | Found a transporter.
 19875 | Gauntlet | Noticed a blizzard demon
 19881 | Gauntlet | Found a transporter.
 19902 | Gauntlet | Found a transporter.
 19909 | Gauntlet | Found a runed translucent gate.
 19909 | Gauntlet | Found a runed translucent gate.
 19954 | Gauntlet | Identified the +1 cloak "Sianea Remam" {rF+ Stlth+}
 20303 | Gauntlet | Identified the +5 cloak "Viceex" {rN+++ Will- Str+9 Int-5}
 20339 | Gauntlet | Noticed a minotaur
 20373 | Gauntlet | Killed a minotaur
 20629 | Lair:1   | Reached XP level 14. HP: 70/70 MP: 30/30
 20730 | Lair:1   | You are sucked into a shaft and drop 1 floor!
 20730 | Lair:2   | Found a staircase to the Snake Pit.
 20741 | Lair:2   | Reached skill level 18 in Stealth
 20812 | Lair:2   | Mangled by a cane toad

Illustrated notes

Levels and vault maps discovered:
D:1:      matt_arrival_los_fun, layout_rooms
D:2:      layout_basic, dilly_ecumenical_altar_fadedgnrine, basic_altar
D:3:      layout_loops_corners, nicolae_underground_beach, uniq_ijyb
D:4:      layout_rooms, minmay_temple_entry_statues_pillars
D:5:      layout_loops_corners, gammafunk_temple_overflow_wave
D:6:      layout_basic, supply_closet_lemuel
D:7:      layout_rooms, mainiacjoe_overflow_concentric_impassable,
          enter_bailey_4, serial_shops, shop, chequers_mini_garden,
          chequers_garden, uniq_crazy_yiuf_cottage, uniq_menkaure, uniq_maggie,
          uniq_prince_ribbit1
D:8:      layout_basic, kennysheep_mini, gammafunk_ghost_nasty_kobolds
D:9:      layout_basic, lair_entry_dummy, hangedman_decor_lopped
D:10:     layout_basic, kennysheep_okawaru_gauntlet, orc_0_dummy,
          minmay_misc_feat_rugged
D:11:     layout_gridville, serial_shops, nicolae_shop_behind_doors,
          guppyfry_shop_earth, uniq_nergalle
D:12:     layout_basic, serial_shops, shop_statue, st_stairs_13, slow_altar_1
D:13:     layout_roguey, serial_ice, serial_ice_i, serial_ice_c, serial_ice_d,
          serial_ice_o, portal_ice_cave_entry_ice_simulacra, serial_shops,
          nicolae_shop_statue_plus, uniq_rupert
D:14:     minmay_box_of_curves, layout_basic, david_vaults_1,
          ebering_ghost_disaster_area
D:15:     hangedman_depths_entry_try_elsewhere_first, layout_long_grid,
          nicolae_uskayaw_murder_on_the_dancefloor, minmay_orc_keep
Temple:   nicolae_temple_bog_church
Lair:1:   layout_regular_city, gauntlet_entry_generic,
          nicolae_volcano_entry_lava_flow
Lair:2:   layout_roguey, minmay_snake_entry_guardpost_small,
          chequers_serial_rivers_micro_a, bobbens_dragon_lair_wall,
          infiniplex_staircase_pool

Skill      XL: |  1  2  3  4  5  6  7  8  9 10 11 12 13 14 |
---------------+-------------------------------------------+-----
Spellcasting   | 3 4 5 6 7 9 10 11 12 13 14 | 14.6
Hexes          | 4 5 6 7 9 11 12 13 14 | 14.8
Stealth        | 5 6 8 10 12 14 15 16 17 18 | 18.0
Dodging        | 4 7 9 10 | 10.9
Short Blades   | 3 5 7 8 9 |  9.0
Fighting       | 2 4 5 6 |  6.8
Unarmed Combat | |  0.7

Action                   |  1- 3 |  4- 6 |  7- 9 | 10-12 | 13-15 || total
-------------------------+-------+-------+-------+-------+-------++-------
Melee: Unarmed           |    21 |       |       |       |       ||    21
       Dagger            |    48 |    99 |   153 |   472 |   205 ||   977
       Punch             |     3 |     1 |     1 |    10 |     4 ||    19
       Kick              |       |       |       |   131 |    73 ||   204
 Cast: Ensorcelled Hiber |       |     3 |    30 |    32 |    21 ||    86
       Confusing Touch   |       |     3 |     5 |    22 |     2 ||    32
       Tukima's Dance    |       |     3 |    23 |    28 |     5 ||    59
       Dazzling Flash    |       |       |       |       |     1 ||     1
Invok: Shadow Step       |       |       |       |     1 |     3 ||     4
Evoke: Wand              |       |       |     1 |    15 |    10 ||    26
       Condenser vane    |       |       |       |     1 |     1 ||     2
  Use: Potion            |     1 |     1 |     3 |    12 |     3 ||    20
       Scroll            |     1 |     1 |       |    10 |       ||    12
 Stab: Distracted        |     2 |     2 |       |     2 |     2 ||     8
       Sleeping          |     5 |    19 |    30 |    69 |    45 ||   168
       Confused          |       |     3 |     3 |    12 |     1 ||    19
       Invisible         |       |       |       |    10 |     5 ||    15
Armor: Skin              |     4 |     6 |     1 |     4 |       ||    15
       Steam dragon scal |       |       |       |    29 |    11 ||    40
Dodge: Dodged            |    50 |    48 |   106 |   318 |   173 ||   695
Block: Other             |       |       |       |    27 |    33 ||    60
       Reflection        |       |       |       |     1 |       ||     1

Table legend: (Time is in decaauts)
 A = Elapsed time spent in this place.
 B = Non-inter-level travel time spent in this place.
 C = Inter-level travel time spent in this place.
 D = Time resting spent in this place.
 E = Time spent auto-exploring this place.
 F = Levels seen in this place.
 G = Mean time per level.
                   A        B        C        D        E       F      G
               +--------+--------+--------+--------+--------+-----+--------+
         Total |  15943 |  15511 |    432 |   2154 |  10561 |  21 |  759.2 |
       Dungeon |  11768 |  11342 |    426 |   1069 |   8275 |  15 |  784.5 |
        Temple |     33 |     28 |      5 |      0 |     17 |   1 |   33.0 |
          Lair |    456 |    456 |      0 |      0 |    287 |   2 |  228.0 |
        Bailey |   1079 |   1079 |      0 |      0 |    932 |   1 | 1079.0 |
      Ice Cave |   1936 |   1936 |      0 |    846 |    762 |   1 | 1936.0 |
      Gauntlet |    669 |    669 |      0 |    238 |    286 |   1 |  669.0 |
               +--------+--------+--------+--------+--------+-----+--------+

Top non-repeatable levels by time:
   IceCv: 1936 daAuts
     D:7: 1494 daAuts
  Bailey: 1079 daAuts
     D:3: 1016 daAuts
     D:5: 981 daAuts
     D:2: 971 daAuts
     D:8: 964 daAuts
    D:14: 906 daAuts
     D:6: 870 daAuts
    D:12: 848 daAuts
    D:11: 784 daAuts
Gauntlet: 669 daAuts
     D:9: 645 daAuts
    D:10: 627 daAuts
    D:13: 609 daAuts
